TOP OF THE 1ST |
Butler HS Golden Tornado batting - Pitching for Billings West HS Golden Bears : RHP Tim Hunter
|
Pitching: RHP Tim Hunter
|
|
Batting: LHB Byron McIlmoyle
|
0-0: Called Strike 0-1: Foul Ball, location: 2F 0-2: Ground out U3 (Groundball, 34)
|
Batting: SHB Myles Hopkins
|
0-0: SINGLE (Line Drive, 89S)
|
Batting: RHB Daniel Quintana
|
0-0: Ball 1-0: Foul Ball, location: 2F 1-1: Ball 2-1: Fly out, F9 (Flyball, 9S)
|
Batting: LHB Joe Vásquez
|
0-0: Called Strike 0-1: Ball 1-1: Foul Ball, location: 2F 1-2: Ball Myles Hopkins is caught stealing 2nd base
|
Top of the 1st over - 0 run(s), 1 hit(s), 0 error(s), 0 left on base; Butler HS 0 - Billings West HS 0 |
BOTTOM OF THE 1ST |
Billings West HS Golden Bears batting - Pitching for Butler HS Golden Tornado : RHP Miguel Perea
|
Pitching: RHP Miguel Perea
|
|
Batting: RHB Jason Cook
|
0-0: Ball 1-0: Called Strike 1-1: Swinging Strike 1-2: Strikes out swinging
|
Batting: SHB Juan Soriano
|
0-0: Ball 1-0: Ball 2-0: Ball 3-0: Called Strike 3-1: Foul Ball, location: 2F 3-2: Foul Ball, location: 2F 3-2: Fly out, F8 (Flyball, 78M)
|
Batting: LHB Jean Beauchemin
|
0-0: Ball 1-0: Ball 2-0: Ball 3-0: Called Strike 3-1: Foul Ball, location: 2F 3-2: Base on Balls
|
Batting: RHB Michael Scott
|
0-0: Called Strike 0-1: Called Strike 0-2: Fielders Choice at 2nd, 5-4 (Groundball, 56)
|
Bottom of the 1st over - 0 run(s), 0 hit(s), 0 error(s), 0 left on base; Butler HS 0 - Billings West HS 0 |
TOP OF THE 2ND |
Butler HS Golden Tornado batting - Pitching for Billings West HS Golden Bears : RHP Tim Hunter
|
Batting: LHB Joe Vásquez
|
0-0: Ball 1-0: Called Strike 1-1: Ball 2-1: Foul Ball, location: 2F 2-2: Ball 3-2: Foul Ball, location: 2F 3-2: Strikes out swinging
|
Batting: RHB Matt McDonald
|
0-0: Called Strike 0-1: Called Strike 0-2: Strikes out swinging
|
Batting: RHB David Gibson
|
0-0: Ball 1-0: Ground out 5-3 (Groundball, 5S)
|
Top of the 2nd over - 0 run(s), 0 hit(s), 0 error(s), 0 left on base; Butler HS 0 - Billings West HS 0 |
BOTTOM OF THE 2ND |
Billings West HS Golden Bears batting - Pitching for Butler HS Golden Tornado : RHP Miguel Perea
|
Batting: RHB Rod Zamora
|
0-0: Foul Ball, location: 2F 0-1: Ball 1-1: Ball 2-1: Ground out 5-3 (Groundball, 56S)
|
Batting: LHB Millard Mays
|
0-0: Ball 1-0: SINGLE (Groundball, 56D)
|
Batting: LHB David Trent
|
0-0: Called Strike 0-1: Grounds into double play, 4-6-3 (Groundball, 34)
|
Bottom of the 2nd over - 0 run(s), 1 hit(s), 0 error(s), 0 left on base; Butler HS 0 - Billings West HS 0 |
TOP OF THE 3RD |
Butler HS Golden Tornado batting - Pitching for Billings West HS Golden Bears : RHP Tim Hunter
|
Batting: LHB Tomás Gonsáles
|
0-0: Ball 1-0: Ball 2-0: Ball 3-0: Called Strike 3-1: Foul Ball, location: 2F 3-2: SINGLE (Groundball, 6MD)
|
Batting: RHB Tom Copeland
|
0-0: Foul Ball, location: 2F 0-1: Ball 1-1: Swinging Strike 1-2: Ball 2-2: Foul Ball, location: 2F 2-2: Foul Ball, location: 2F 2-2: Foul Ball, location: 2F 2-2: Ball 3-2: Base on Balls Tomás Gonsáles to second
|
Batting: RHB Héctor Meléndez
|
0-0: Ball 1-0: Ball 2-0: Ball 3-0: Called Strike 3-1: SINGLE (Groundball, 4) (infield hit) Tomás Gonsáles to third Tom Copeland to second
|
Batting: LHB Byron McIlmoyle
|
0-0: Ball 1-0: Ball 2-0: Fly out, F2 (Popup, 56S)
|
Batting: SHB Myles Hopkins
|
0-0: Ball 1-0: Ball 2-0: Ball 3-0: Base on Balls Tomás Gonsáles scores Tom Copeland to third Héctor Meléndez to second
|
Batting: RHB Daniel Quintana
|
0-0: Ball 1-0: Ball 2-0: Ball 3-0: Base on Balls Tom Copeland scores Héctor Meléndez to third Myles Hopkins to second
|
Batting: LHB Joe Vásquez
|
0-0: Fly out, F8 (Flyball, 8RS)
|
Batting: RHB Matt McDonald
|
0-0: Foul Ball, location: 2F 0-1: Foul Ball, location: 2F 0-2: Strikes out looking
|
Top of the 3rd over - 2 run(s), 2 hit(s), 0 error(s), 3 left on base; Butler HS 2 - Billings West HS 0 |
BOTTOM OF THE 3RD |
Billings West HS Golden Bears batting - Pitching for Butler HS Golden Tornado : RHP Miguel Perea
|
Batting: RHB Rob Johnston
|
0-0: Ball 1-0: Foul Ball, location: 2F 1-1: Called Strike 1-2: Ball 2-2: Foul Ball, location: 2F 2-2: Strikes out looking
|
Batting: RHB Eric Dodd
|
0-0: Ball 1-0: Ball 2-0: SOLO HOME RUN (Flyball, 8LXD), Distance : 442 ft
|
Batting: RHB Jason Cook
|
0-0: Ball 1-0: Swinging Strike 1-1: Foul Ball, location: 2F 1-2: Ball 2-2: SINGLE (Line Drive, 4D)
|
Batting: SHB Juan Soriano
|
0-0: Ball 1-0: Foul Ball, location: 2F 1-1: Foul Ball, location: 2F 1-2: Hit by Pitch Jason Cook to second
|
Batting: LHB Jean Beauchemin
|
0-0: Ball Wild Pitch! Jason Cook to third Juan Soriano to second 1-0: Fly out, F8 (Line Drive, 8RM) Runner from 3rd tags up, SCORES, no throw
|
Batting: RHB Michael Scott
|
0-0: Ball 1-0: Ball 2-0: Swinging Strike 2-1: Ball 3-1: Base on Balls
|
Batting: RHB Rod Zamora
|
0-0: Called Strike 0-1: Foul Ball, location: 2F 0-2: Strikes out looking
|
Bottom of the 3rd over - 2 run(s), 2 hit(s), 0 error(s), 2 left on base; Butler HS 2 - Billings West HS 2 |
TOP OF THE 4TH |
Butler HS Golden Tornado batting - Pitching for Billings West HS Golden Bears : RHP Tim Hunter
|
Batting: RHB David Gibson
|
0-0: Foul Ball, location: 2F 0-1: Called Strike 0-2: Strikes out swinging, 2-3 out at first.
|
Batting: LHB Tomás Gonsáles
|
0-0: Called Strike 0-1: Ball 1-1: Called Strike 1-2: Foul Ball, location: 2F 1-2: Foul Ball, location: 2F 1-2: Ball 2-2: Strikes out looking
|
Batting: RHB Tom Copeland
|
0-0: Called Strike 0-1: Ground out 4-3 (Groundball, 4)
|
Top of the 4th over - 0 run(s), 0 hit(s), 0 error(s), 0 left on base; Butler HS 2 - Billings West HS 2 |
BOTTOM OF THE 4TH |
Billings West HS Golden Bears batting - Pitching for Butler HS Golden Tornado : RHP Miguel Perea
|
Batting: LHB Millard Mays
|
0-0: Ball 1-0: Ball 2-0: Ball 3-0: Base on Balls
|
Batting: LHB David Trent
|
0-0: Grounds into double play, 1-6-3 (Groundball, P)
|
Batting: RHB Rob Johnston
|
0-0: Ball 1-0: Ball 2-0: Called Strike 2-1: Swinging Strike 2-2: Fly out, F8 (Line Drive, 8RM)
|
Bottom of the 4th over - 0 run(s), 0 hit(s), 0 error(s), 0 left on base; Butler HS 2 - Billings West HS 2 |
TOP OF THE 5TH |
Butler HS Golden Tornado batting - Pitching for Billings West HS Golden Bears : RHP Tim Hunter
|
Batting: RHB Héctor Meléndez
|
0-0: Ball 1-0: Foul Ball, location: 2F 1-1: SOLO HOME RUN (Line Drive, 9D), Distance : 403 ft
|
Batting: LHB Byron McIlmoyle
|
0-0: Fly out, F9 (Line Drive, 9)
|
Batting: SHB Myles Hopkins
|
0-0: Ball 1-0: Foul Ball, location: 2F 1-1: Swinging Strike 1-2: Strikes out swinging
|
Batting: RHB Daniel Quintana
|
0-0: Ball 1-0: Fly out, F9 (Flyball, 89M)
|
Top of the 5th over - 1 run(s), 1 hit(s), 0 error(s), 0 left on base; Butler HS 3 - Billings West HS 2 |
BOTTOM OF THE 5TH |
Billings West HS Golden Bears batting - Pitching for Butler HS Golden Tornado : RHP Miguel Perea
|
Batting: RHB Eric Dodd
|
0-0: Ball 1-0: SOLO HOME RUN (Flyball, 78XD), Distance : 414 ft
|
Batting: RHB Jason Cook
|
0-0: DOUBLE (Groundball, 5L)
|
Batting: SHB Juan Soriano
|
0-0: Ball 1-0: Fly out, F9 (Flyball, 9S)
|
Batting: LHB Jean Beauchemin
|
0-0: Intentional Walk
|
Batting: RHB Michael Scott
|
0-0: 3-RUN HOME RUN (Flyball, 7D), Distance : 386 ft
|
Pitching: RHP Alan Mobley
|
|
Batting: RHB Rod Zamora
|
0-0: Ball 1-0: Foul Ball, location: 2F 1-1: Foul Ball, location: 2F 1-2: Foul Ball, location: 2F 1-2: Ball 2-2: Foul Ball, location: 2F 2-2: SOLO HOME RUN (Flyball, 78XD), Distance : 411 ft
|
Batting: LHB Millard Mays
|
0-0: Called Strike 0-1: Ball 1-1: Ball 2-1: Ball 3-1: Base on Balls
|
Batting: LHB David Trent
|
0-0: Called Strike 0-1: Ball 1-1: Foul Ball, location: 2F 1-2: Ball 2-2: SINGLE (Groundball, 34D) Millard Mays to second
|
Batting: RHB Rob Johnston
|
0-0: Called Strike 0-1: Foul Ball, location: 2F 0-2: Ball 1-2: Strikes out swinging
|
Batting: RHB Eric Dodd
|
0-0: Called Strike 0-1: Swinging Strike 0-2: Ball 1-2: Ball 2-2: Strikes out looking
|
Bottom of the 5th over - 5 run(s), 5 hit(s), 0 error(s), 2 left on base; Butler HS 3 - Billings West HS 7 |
TOP OF THE 6TH |
Butler HS Golden Tornado batting - Pitching for Billings West HS Golden Bears : RHP Tim Hunter
|
Pitching: LHP Monty Bint
|
|
Batting: LHB Joe Vásquez
|
0-0: Foul Ball, location: 2F 0-1: Ball 1-1: Foul Ball, location: 2F 1-2: Strikes out swinging
|
Batting: RHB Matt McDonald
|
0-0: Called Strike 0-1: Hit by Pitch
|
Batting: RHB David Gibson
|
0-0: Called Strike 0-1: Fly out, F9 (Flyball, 9S)
|
Batting: LHB Tomás Gonsáles
|
0-0: Ball 1-0: Swinging Strike 1-1: Ball 2-1: Swinging Strike 2-2: Ball 3-2: Strikes out swinging
|
Top of the 6th over - 0 run(s), 0 hit(s), 0 error(s), 1 left on base; Butler HS 3 - Billings West HS 7 |
BOTTOM OF THE 6TH |
Billings West HS Golden Bears batting - Pitching for Butler HS Golden Tornado : RHP Alan Mobley
|
Batting: RHB Jason Cook
|
0-0: Fly out, F7 (Line Drive, 78M)
|
Batting: SHB Juan Soriano
|
0-0: Called Strike 0-1: Ball 1-1: SINGLE (Line Drive, 4)
|
Batting: LHB Jean Beauchemin
|
0-0: Called Strike 0-1: Foul Ball, location: 2F 0-2: Foul Ball, location: 2F 0-2: Ball 1-2: Ball 2-2: Strikes out looking
|
Batting: RHB Michael Scott
|
0-0: Ball 1-0: Called Strike 1-1: Foul Ball, location: 2F 1-2: Ball 2-2: Reached via error on a dropped throw, E3 Juan Soriano to second
|
Batting: RHB Rod Zamora
|
0-0: Fly out, F7 (Line Drive, 7)
|
Bottom of the 6th over - 0 run(s), 1 hit(s), 1 error(s), 2 left on base; Butler HS 3 - Billings West HS 7 |
TOP OF THE 7TH |
Butler HS Golden Tornado batting - Pitching for Billings West HS Golden Bears : LHP Monty Bint
|
Batting: RHB Tom Copeland
|
0-0: Ball 1-0: Called Strike 1-1: Ball 2-1: Ball 3-1: Foul Ball, location: 2F 3-2: Base on Balls
|
Batting: RHB Héctor Meléndez
|
0-0: Called Strike 0-1: Foul Ball, location: 2F 0-2: Ball 1-2: Ball 2-2: Strikes out swinging
|
Batting: LHB Byron McIlmoyle
|
0-0: Ball 1-0: Swinging Strike 1-1: Called Strike Tom Copeland is caught stealing 2nd base 1-2: Strikes out swinging
|
Top of the 7th over - 0 run(s), 0 hit(s), 0 error(s), 0 left on base; Butler HS 3 - Billings West HS 7 |
BOTTOM OF THE 7TH |
Billings West HS Golden Bears batting - Pitching for Butler HS Golden Tornado : RHP Alan Mobley
|
Batting: LHB Millard Mays
|
0-0: Ball 1-0: Ball 2-0: Ball 3-0: Base on Balls
|
Batting: LHB David Trent
|
0-0: Ball 1-0: Foul Ball, location: 2F 1-1: Ball 2-1: Ball 3-1: Grounds into double play, 4-6-3 (Groundball, 4)
|
Batting: RHB Rob Johnston
|
0-0: Ball 1-0: Ball 2-0: Called Strike 2-1: Ball 3-1: Base on Balls
|
Pitching: RHP Edward Hatch
|
|
Batting: RHB Eric Dodd
|
0-0: Ball 1-0: Swinging Strike 1-1: Ball 2-1: Called Strike Rob Johnston steals 2nd base 2-2: Ball 3-2: Base on Balls
|
Batting: RHB Jason Cook
|
0-0: Ball 1-0: Foul Ball, location: 2F 1-1: Foul Ball, location: 2F 1-2: Ground out U3 (Groundball, 34)
|
Bottom of the 7th over - 0 run(s), 0 hit(s), 0 error(s), 2 left on base; Butler HS 3 - Billings West HS 7 |
TOP OF THE 8TH |
Butler HS Golden Tornado batting - Pitching for Billings West HS Golden Bears : LHP Monty Bint
|
Batting: SHB Myles Hopkins
|
0-0: Ball 1-0: DOUBLE (Flyball, 78D)
|
Batting: RHB Daniel Quintana
|
0-0: Swinging Strike 0-1: Ball 1-1: Called Strike 1-2: Strikes out swinging
|
Batting: LHB Joe Vásquez
|
0-0: Swinging Strike 0-1: Foul Ball, location: 2F 0-2: Foul Ball, location: 2F 0-2: Ball 1-2: Ball 2-2: Ball 3-2: Ground out 3-1 (Groundball, 34) Myles Hopkins to third
|
Batting: RHB Matt McDonald
|
0-0: Ball 1-0: Ball 2-0: Called Strike 2-1: Ground out 4-3 (Groundball, 4)
|
Top of the 8th over - 0 run(s), 1 hit(s), 0 error(s), 1 left on base; Butler HS 3 - Billings West HS 7 |
BOTTOM OF THE 8TH |
Billings West HS Golden Bears batting - Pitching for Butler HS Golden Tornado : RHP Edward Hatch
|
Batting: SHB Juan Soriano
|
0-0: Ball 1-0: Fly out, F3 (Line Drive, 3L)
|
Batting: LHB Jean Beauchemin
|
0-0: Ball 1-0: Called Strike 1-1: Swinging Strike 1-2: Strikes out swinging
|
Batting: RHB Michael Scott
|
0-0: Ball 1-0: Called Strike 1-1: Ball 2-1: Ball 3-1: Base on Balls
|
Batting: RHB Rod Zamora
|
0-0: Foul Ball, location: 2F 0-1: Foul Ball, location: 2F 0-2: Ball 1-2: Ball 2-2: Foul Ball, location: 2F 2-2: Ball 3-2: 2-RUN HOME RUN (Flyball, 78XD), Distance : 405 ft
|
Batting: LHB Millard Mays
|
0-0: Ball 1-0: Swinging Strike 1-1: Ball 2-1: Foul Ball, location: 2F 2-2: Foul Ball, location: 2F 2-2: Strikes out looking
|
Bottom of the 8th over - 2 run(s), 1 hit(s), 0 error(s), 0 left on base; Butler HS 3 - Billings West HS 9 |
TOP OF THE 9TH |
Butler HS Golden Tornado batting - Pitching for Billings West HS Golden Bears : LHP Monty Bint
|
Batting: RHB David Gibson
|
0-0: Called Strike 0-1: Foul Ball, location: 2F 0-2: Ball 1-2: Foul Ball, location: 2F 1-2: Ball 2-2: Ball 3-2: Foul Ball, location: 2F 3-2: Foul Ball, location: 2F 3-2: Foul Ball, location: 2F 3-2: Base on Balls
|
Pitching: RHP Doug Sales
|
|
Batting: LHB Tomás Gonsáles
|
0-0: Foul Ball, location: 2F 0-1: Fly out, F8 (Flyball, 8LS)
|
Batting: RHB Tom Copeland
|
0-0: Called Strike 0-1: Ball 1-1: Ball 2-1: Fly out, F7 (Flyball, 7S)
|
Batting: RHB Héctor Meléndez
|
0-0: Ball 1-0: Swinging Strike 1-1: Ball 2-1: Ball 3-1: Fly out, F9 (Flyball, 9LSF)
|
Top of the 9th over - 0 run(s), 0 hit(s), 0 error(s), 1 left on base; Butler HS 3 - Billings West HS 9 |
|